 Dungeon Crawl Stone Soup version 0.31.0-11-ge490571c62 (webtiles) character file.

Game seed: 4157245271987849904

595 Bobbunny the Trooper (level 7, 0/56 HPs)
             Began as a Formicid Enchanter on Jan 27, 2024.
             Was a Follower of Okawaru.
             Slain by an orc warrior
             ... wielding a +0 trident
              (7 damage)
             ... on level 5 of the Dungeon.
             The game lasted 00:05:40 (4459 turns).

Bobbunny the Trooper (Formicid Enchanter)           Turns: 4459, Time: 00:05:40

Health: 0/56       AC:  4    Str: 14    XL:     7   Next: 67%
Magic:  10/10      EV: 12    Int: 15    God:    Okawaru [*.....]
Gold:   243        SH:  0    Dex: 14    Spells: 10/10 levels left

rFire   + . .        B - +2 hand axe (elec)
rCold   . . .        (no shield)
rNeg    . . .        u - +1 robe of Generosity {Will+}
rPois   .            (helmet unavailable)
rElec   .            (no cloak)
rCorr   .            i - +0 pair of gloves
SInv    +            (no boots)
Will    +....        (no amulet)
Stlth   ++           e - ring of protection from fire
HPRegen 0.29/turn    (no ring)
MPRegen 0.12/turn

%: no passive effects
@: no status effects
A: permanent stasis, dig shafts and tunnels, antennae 3, four strong arms
a: Dig, Shaft Self, Renounce Religion, Heroism


You were on level 5 of the Dungeon.
You worshipped Okawaru.
Okawaru was aware of your devotion.
You visited 2 branches of the dungeon, and saw 6 of its levels.

You collected 243 gold pieces.

Inventory:

Hand Weapons
 y - a +0 war axe
 z - a +0 spectral war axe
 B - a +2 hand axe of electrocution (weapon)
Missiles
 f - 6 poisoned darts
 o - a curare-tipped dart
Armour
 i - a +0 pair of gloves (worn)
 u - the +1 robe of Generosity (worn) {Will+}
   (You took it off an orc on level 4 of the Dungeon)

   Will+:     It increases your willpower.
Jewellery
 e - a ring of protection from fire (left hand)
 p - a ring of wizardry
Wands
 b - a wand of iceblast (9)
Scrolls
 g - a scroll of noise {unknown}
 j - 2 scrolls of fog
 k - 2 scrolls of brand weapon {unknown}
 m - 4 scrolls of enchant armour {unknown}
 r - a scroll of immolation {unknown}
 s - a scroll of torment
 t - 2 scrolls of fear
 v - 2 scrolls of amnesia {unknown}
 A - a scroll of poison {unknown}
Potions
 a - a potion of might {unknown}
 c - 2 potions of invisibility
 d - 2 potions of lignification
 h - 4 potions of curing {unknown}
 l - a potion of degeneration {unknown}
 n - 2 potions of attraction
 q - a potion of heal wounds {unknown}
 w - a potion of brilliance {unknown}
 x - a potion of enlightenment {unknown}


   Skills:
 + Level 5.5 Fighting
 - Level 1.0 Short Blades
 + Level 5.0 Axes
 + Level 1.7 Throwing
 - Level 1.7 Dodging
 - Level 3.6 Stealth
 - Level 2.1 Spellcasting
 - Level 3.6 Hexes


You had 10 spell levels left.
You didn't know any spells.
Your spell library contained the following spells:

 Spells                   Type           Power      Damage    Failure   Level
 Confusing Touch          Hex            12%        N/A       14%         3
 Ensorcelled Hibernation  Hex/Ice        14%        N/A       16%         2
 Magic Dart               Conj           4%         1d3       22%         1
 Sandblast                Erth           2%         2d4       22%         1
 Dazzling Flash           Conj/Hex       14%        N/A       30%         3
 Searing Ray              Conj           2%         2d4       32%         2
 Passwall                 Erth           1%         N/A       54%         3
 Stone Arrow              Conj/Erth      2%         3d7       54%         3
 Brom's Barrelling Bould  Conj/Erth      1%         2d3       91%         4
 Fulminant Prism          Conj/Alch      0%         3d5       91%         4
 Tukima's Dance           Hex            Unusable   N/A       N/A         3
 Swiftness                Air            Unusable   N/A       N/A         3

Dungeon Overview and Level Annotations

Branches:
Dungeon (5/15)             Temple (1/1) D:4

Altars:
Ashenzari
Cheibriados
Dithmenos
Elyvilon
Gozag
Hepliaklqana
Makhleb
Nemelex Xobeh
Okawaru
Qazlal
Ru
Sif Muna
Trog
Uskayaw
Vehumet
Xom

Shops:
D:1 :


Innate Abilities, Weirdness & Mutations

You cannot be hasted, slowed, berserked, paralysed or teleported.
You can dig through walls and to a lower floor.
You have a pair of large antennae on your head. (SInv)
Your four strong arms can wield two-handed weapons with a shield.


Message History

The orc warrior hits you from afar with a +0 trident!
The iguana bites you.
You are too injured to fight recklessly!
You barely miss the iguana. The iguana closely misses you.
You hit the iguana.
The iguana is moderately wounded.
The iguana bites you.
You hit the iguana.
The iguana is severely wounded.
The orc warrior barely misses you. The iguana completely misses you.
You closely miss the iguana.
The iguana is severely wounded.
The orc warrior hits you from afar with a +0 trident.
The iguana bites you!
* * * LOW HITPOINT WARNING * * *
You hit the iguana. Lightning courses through the iguana!
You kill the iguana!
Okawaru accepts your kill.
The orc warrior unwields a +0 trident.
The orc warrior wields a +0 arbalest.
The orc warrior shoots a bolt.
The bolt barely misses you.
Aiming: Iceblast
Press: ? - help, Shift-Dir - straight line, f - orc warrior
Aim: an orc warrior, wielding a +0 arbalest and wearing a +0 plate armour
Okay, then.
Throw: 3 darts (curare)
Press: ? - help, Shift-Dir - straight line, f - orc warrior
Aim: an orc warrior, wielding a +0 arbalest and wearing a +0 plate armour (57% to hit)
You throw a curare-tipped dart.
The curare-tipped dart barely misses the orc warrior.
Throw: 2 darts (curare)
Press: ? - help, Shift-Dir - straight line, f/p - orc warrior
Aim: an orc warrior, wielding a +0 arbalest and wearing a +0 plate armour (57% to hit)
You throw a curare-tipped dart.
The curare-tipped dart hits the orc warrior.
The orc warrior is poisoned.
The orc warrior struggles to breathe.
The orc warrior seems to slow down.
The orc warrior is moderately wounded.
The orc warrior unwields a +0 arbalest.
The orc warrior wields a +0 trident.
The orc warrior hits you with a +0 trident!
You die...

...'...# #..## ...###.#
##.## ...# #.# ##..# ##.#
#.# #..## #.# #.# #.#####
### #.# #.# #.##(.# ..#
#.# #.# ##.##†.##..### #.
#.# #..#o##.†##!$# #.#
##.##@##..##[?# ###.#
#..##.######### #...#
#.###.####....##
####.#######.#
##....####.#
.............#########
#.#
###.########.#....'..#
#.# #.(.##
#.#.88.#..####.#
###..#####.#.88.###....##
######.......#....#
######


You could see an orc warrior (very poisoned, slow).

Vanquished Creatures
  2 bullfrogs (D:5)
  A hound (D:5)
  5 bombardier beetles
  An orc priest (D:4)
  2 iguanas
  2 orc wizards (D:4)
  Robin (D:2)
  4 adders
  A white imp (D:5)
  4 dart slugs
  11 orcs
  3 bats
  3 endoplasms
  A giant cockroach (D:4)
  9 hobgoblins
  11 jackals
  4 kobolds
  A quokka (D:3)
  6 ball pythons
  2 frilled lizards (D:3)
  13 goblins
  4 rats
91 creatures vanquished.

Notes
Turn   | Place    | Note
-------+----------+-------------------------------------------
     0 | D:1      | Bobbunny the Formicid Enchanter began the quest for the
                  | Orb.
     0 | D:1      | Reached XP level 1. HP: 13/13 MP: 3/3
     6 | D:1      | Noticed an electric eel
   148 | D:1      | Reached skill level 1 in Fighting
   148 | D:1      | Reached XP level 2. HP: 12/21 MP: 5/5
   205 | D:1      | Reached skill level 1 in Axes
   452 | D:1      | Found Foikh's Book Emporium.
  1190 | D:2      | Reached XP level 3. HP: 27/27 MP: 6/6
  1251 | D:2      | Noticed Robin
  1493 | D:2      | Killed Robin
  1494 | D:2      | Reached XP level 4. HP: 20/34 MP: 7/7
  2699 | D:4      | Reached XP level 5. HP: 34/41 MP: 8/8
  2833 | D:4      | Reached XP level 6. HP: 21/48 MP: 9/9
  2948 | D:4      | Found a staircase to the Ecumenical Temple.
  2965 | Temple   | Entered the Ecumenical Temple
  3151 | D:4      | Identified the +1 robe of Generosity {Will+}
  3667 | D:4      | Found an iron altar of Okawaru.
  3831 | D:4      | Became a worshipper of Warmaster Okawaru
  3893 | D:5      | Entered Level 5 of the Dungeon
  4128 | D:5      | Reached skill level 5 in Fighting
  4128 | D:5      | Reached XP level 7. HP: 56/56 MP: 10/10
  4363 | D:5      | Reached skill level 1 in Throwing
  4445 | D:5      | Reached * piety under Okawaru
  4446 | D:5      | Reached skill level 5 in Axes
  4459 | D:5      | Slain by an orc warrior

Illustrated notes

Levels and vault maps discovered:
D:1:      arrival_aquarium_a, layout_loops_ring, serial_shops,
          nicolae_shop_trees, serial_glass, glass_columns_a, glass_columns_a,
          glass_columns_c, glass_columns_a, kennysheep_boxes
D:2:      layout_basic, minivault_4, kennysheep_donut, uniq_robin
D:3:      layout_rooms
D:4:      layout_basic, hellmonk_okawaru_the_only_friend_you_need,
          temple_doors_e
D:5:      minmay_chambers_of_fours, layout_basic, tso_oasis_becter, minitemple
Temple:   hellmonk_temple_two_chambers

Skill      XL: |  1  2  3  4  5  6  7 |
---------------+----------------------+-----
Fighting       | 1 2 3 5 |  5.5
Axes           | 1 2 3 4 5 |  5.0
Throwing       | 1 |  1.7
Short Blades   | |  1.0
Dodging        | |  1.7
Stealth        | |  3.6
Spellcasting   | |  2.1
Hexes          | |  3.6

Action                     |  1- 3 |  4- 6 |  7- 9 || total
---------------------------+-------+-------+-------++-------
  Melee: Mace              |    80 |    86 |       ||   166
         Dagger            |    10 |       |       ||    10
         Punch             |     1 |       |       ||     1
         War axe           |       |    77 |    26 ||   103
         Hand axe          |       |       |     8 ||     8
  Throw: Dart              |       |       |     2 ||     2
    Use: Scroll            |       |     7 |       ||     7
   Stab: Sleeping          |     2 |     2 |     3 ||     7
 Armour: Robe              |    37 |     2 |    22 ||    61
         Scale mail        |    29 |   164 |       ||   193
  Dodge: Dodged            |    58 |   103 |    21 ||   182
